Atomiques vs Staline
(R1)
Created - 3 décembre 2014 at 21:58
Goals
|
| Atomiques |
1 |
1 |
0 |
2 |
| Staline |
2 |
0 |
1 |
3 |
|
Shots
|
| Atomiques |
15 |
9 |
8 |
32 |
| Staline |
16 |
12 |
7 |
35 |
|
1st period
1. Staline , Andrei Loktionov 22 (Mason Raymond, Cam Janssen) at 2:43 (PP)
2. Atomiques , Alexandre Daigle 24 (Linus Omark, Logan Couture) at 5:17
3. Staline , Mason Raymond 10 (Cam Janssen, Andrei Loktionov) at 19:43
Penalties :
Scott Jackson (STB) for Hooking (Minor) at 1:26, Mason Raymond (StJ) for Hooking (Minor) at 16:45
2nd period
4. Atomiques , Ryan Shannon 12 (Brett Sutter, Clayton Stoner) at 2:52
Penalties :
Andrew Kozek (STB) for Hooking (Minor) at 12:06, Logan Couture (STB) for Roughing (Minor) at 14:51
3rd period
5. Staline , J.T. Wyman 4 (Cam Janssen) at 5:55
Penalties :
Davis Drewiske (STB) for Roughing (Minor) at 1:26, Cody Franson (StJ) for Holding (Minor) at 7:07, Alexandre Daigle (STB) for Holding (Minor) at 15:10, Jared Boll (StJ) for Hooking (Minor) at 17:34
Goalie Stats
Sergei Bobrovsky (STB), 32 saves from 35 shots - (0,914), L, 2-5-2, 60:00 minutes
Tobias Stephan (StJ), 30 saves from 32 shots - (0,938), W, 18-6-2, 60:00 minutes
Players Stats for Atomiques
Player Name G A P +/- PIM S H SB GA TA FO MP PP MP PK MP
------------------------------------------------------------------------------------
Alexander Sulzer 0 0 0 -1 0 1 1 0 0 1 0/0 26:42 3:01 5:35
Alexandre Daigle 1 0 1 1 2 2 1 0 0 0 3/3 17:20 3:11 0:00
Andrew Kozek 0 0 0 0 2 1 0 0 0 0 0/1 12:44 0:00 1:11
Brad Winchester 0 0 0 0 0 3 3 1 0 0 1/1 18:08 2:46 3:21
Brett Sutter 0 1 1 0 0 1 0 0 0 0 0/3 11:36 0:00 1:02
Casey Borer 0 0 0 -1 0 0 0 0 0 0 0/0 12:11 0:00 0:27
Clayton Stoner 0 1 1 2 0 0 0 0 0 1 0/0 21:34 2:56 3:38
Davis Drewiske 0 0 0 -1 2 1 1 2 0 1 0/0 25:56 3:01 4:25
Drew Larman 0 0 0 -1 0 0 0 0 0 0 2/4 8:09 0:00 0:00
John McCarthy 0 0 0 -1 0 4 0 0 0 0 0/0 8:47 0:00 0:13
John Zeiler 0 0 0 0 0 5 2 2 0 1 0/1 15:49 2:46 2:06
Kyle Wharton 0 0 0 2 0 0 0 0 0 0 0/0 20:43 2:56 3:22
Linus Omark 0 1 1 1 0 5 1 2 0 2 0/0 22:14 3:11 5:19
Logan Couture 0 1 1 1 2 0 1 1 0 0 19/31 17:55 3:11 0:00
Nick Johnson 0 0 0 -1 0 0 1 1 0 0 0/0 8:09 0:00 0:00
Ryan Shannon 1 0 1 0 0 5 1 0 1 0 0/0 10:31 0:00 0:00
Scott Jackson 0 0 0 -1 2 0 0 2 0 0 0/0 13:17 0:00 0:59
Tyler Brenner 0 0 0 0 0 4 4 0 1 0 5/13 18:57 2:46 5:14
Players Stats for Staline
Player Name G A P +/- PIM S H SB GA TA FO MP PP MP PK MP
------------------------------------------------------------------------------------
Aaron Ness 0 0 0 0 0 1 0 0 0 0 0/0 11:21 0:05 1:20
Andrei Loktionov 1 1 2 0 0 3 3 0 1 0 11/15 15:54 4:08 0:00
Cam Janssen 0 3 3 0 0 3 2 0 0 0 0/0 18:08 4:08 1:41
Cody Franson 0 0 0 -1 2 1 0 5 1 1 0/0 26:36 4:10 1:52
Danny Kristo 0 0 0 0 0 0 0 0 0 0 0/0 0:00 0:00 0:00
David Kolomatis 0 0 0 0 0 0 0 1 0 0 0/0 9:49 0:06 0:00
Devin Setoguchi 0 0 0 -1 0 5 2 1 1 0 3/8 22:55 4:59 3:12
Greg Pateryn 0 0 0 0 0 0 0 0 0 0 0/0 3:15 0:00 0:00
J.T. Wyman 1 0 1 1 0 3 1 1 0 0 0/0 7:03 0:06 0:00
James Sheppard 0 0 0 1 0 2 0 0 0 0 0/0 7:35 0:00 0:32
Jamie McGinn 0 0 0 0 0 0 0 0 0 0 0/0 0:00 0:00 0:00
Jared Boll 0 0 0 0 2 0 0 1 1 0 0/0 11:31 0:10 0:00
Mason Raymond 1 1 2 0 2 2 3 0 1 0 0/0 16:26 4:08 0:21
Mathieu Perreault 0 0 0 0 0 4 2 0 0 0 3/4 10:50 0:00 0:00
Nick Spaling 0 0 0 0 0 1 1 0 1 0 1/1 11:58 0:00 1:08
Peter Holland 0 0 0 0 0 0 0 0 0 0 0/0 0:09 0:00 0:09
Pierre-Luc Létourneau 0 0 0 -1 0 2 3 0 0 0 0/0 22:49 5:01 3:10
Stu Bickel 0 0 0 -1 0 2 3 4 0 0 0/0 24:47 4:09 3:12
Theo Peckham 0 0 0 1 0 1 1 1 0 0 0/0 22:09 4:58 2:45
Tyler Cuma 0 0 0 1 0 2 1 0 0 1 0/0 22:09 4:58 2:45
Yan Stastny 0 0 0 -1 0 3 2 0 0 0 8/26 21:45 4:59 1:41
Zac Rinaldo 0 0 0 1 0 0 2 1 0 0 1/3 6:51 0:00 0:00
3 Stars
1 - Andrei Loktionov (StJ)
2 - Cam Janssen (StJ)
3 - Mason Raymond (StJ)
Power Play
Atomiques - 0 on 3 Attempt(s) - 0,00%
Staline - 1 on 5 Attempt(s) - 20,00%
Penalty Kill
Atomiques - 4 on 5 Attempt(s) - 80,00%
- Score 0 goal in Penalty Kill
Staline - 3 on 3 Attempt(s) - 100,00%
- Score 0 goal in Penalty Kill
Official
Referees : Lee Chris and O'Rourke Dan
Linesman : Derek Amell and Shane Heyer
Game Notes
No Game Note
Finance
Level 1 -- Attendance: 1382 (69,10%) -- Ticket Income 48 370 $
Level 2 -- Attendance: 685 (68,50%) -- Ticket Income 10 275 $
Total Attendance: 2067 (68,90%)
Total Ticket Income: 58 645 $
Other Income: 2 932 $
Total Income: 61 577 $
Atomiques
5 vs 5 Forward
Center Left Wing Right Wing Time % Phy DF OF
1 Logan Couture Linus Omark Alexandre Daigle 40 1 2 2
2 Tyler Brenner Brad Winchester John Zeiler 30 1 2 2
3 Brett Sutter Andrew Kozek Ryan Shannon 20 1 2 2
4 Drew Larman John McCarthy Nick Johnson 10 1 2 2
5 vs 5 Defense
Defense Defense Time % Phy DF OF
1 Alexander Sulzer Davis Drewiske 40 1 2 2
2 Clayton Stoner Kyle Wharton 30 1 2 2
3 Casey Borer Scott Jackson 20 1 2 2
4 Alexander Sulzer Davis Drewiske 10 1 2 2
PowerPlay Forward
Center Left Wing Right Wing Time % Phy DF OF
1 Logan Couture Linus Omark Alexandre Daigle 60 1 2 2
2 Tyler Brenner Brad Winchester John Zeiler 40 1 2 2
PowerPlay Defense
Defense Defense Time % Phy DF OF
1 Alexander Sulzer Davis Drewiske 60 1 2 2
2 Clayton Stoner Kyle Wharton 40 1 2 2
Penalty Kill 4 Players Forward
Center Wing Time % Phy DF OF
1 Tyler Brenner Linus Omark 60 1 2 2
2 Brad Winchester John Zeiler 40 1 2 2
Penalty Kill 4 Players Defense
Defense Defense Time % Phy DF OF
1 Alexander Sulzer Davis Drewiske 60 1 2 2
2 Clayton Stoner Kyle Wharton 40 1 2 2
Penalty Kill - 3 Players Forward
Forward Time % Phy DF OF
1 Brad Winchester 60 1 2 2
2 Linus Omark 40 1 2 2
Penalty Kill - 3 Players Defense
Defense Defense Time % Phy DF OF
1 Alexander Sulzer Davis Drewiske 60 1 2 2
2 Clayton Stoner Kyle Wharton 40 1 2 2
4 vs 4 Forward
Center Wing Time % Phy DF OF
1 Logan Couture Linus Omark 60 1 2 2
2 Tyler Brenner John Zeiler 40 1 2 2
4 vs 4 Defense
Defense Defense Time % Phy DF OF
1 Alexander Sulzer Davis Drewiske 60 1 2 2
2 Clayton Stoner Kyle Wharton 40 1 2 2
Last Minutes Offensive
Center Left Wing Right Wing Defense Defense
Logan Couture Brad Winchester Alexandre Daigle Alexander Sulzer Davis Drewiske
Last Minutes Defensive
Center Left Wing Right Wing Defense Defense
Logan Couture Brad Winchester Alexandre Daigle Alexander Sulzer Davis Drewiske
Goaltenders
Starting : Sergei Bobrovsky
Backup : Alex Auld
Extra Forwards
Normal : Ryan Shannon, Nick Johnson, Andrew Kozek - PP : Ryan Shannon, Nick Johnson - PK : Andrew Kozek
Extra Defensemen
Normal : Casey Borer, Scott Jackson, Clayton Stoner - PP : Casey Borer - PK : Scott Jackson, Clayton Stoner
Penalty Shots
Brad Winchester, Linus Omark, Alexandre Daigle, John Zeiler, Logan Couture
Staline
5 vs 5 Forward
Center Left Wing Right Wing Time % Phy DF OF
1 Yan Stastny Pierre-Luc Létourneau Devin Setoguchi 40 1 2 2
2 Andrei Loktionov Mason Raymond Cam Janssen 30 1 2 2
3 Mathieu Perreault Nick Spaling Jared Boll 20 1 2 2
4 Zac Rinaldo James Sheppard J.T. Wyman 10 1 2 2
5 vs 5 Defense
Defense Defense Time % Phy DF OF
1 Cody Franson Stu Bickel 40 1 2 2
2 Theo Peckham Tyler Cuma 30 1 2 2
3 David Kolomatis Aaron Ness 20 1 2 2
4 Greg Pateryn Cody Franson 10 1 2 2
PowerPlay Forward
Center Left Wing Right Wing Time % Phy DF OF
1 Yan Stastny Pierre-Luc Létourneau Devin Setoguchi 60 1 2 2
2 Andrei Loktionov Mason Raymond Cam Janssen 40 1 2 2
PowerPlay Defense
Defense Defense Time % Phy DF OF
1 Cody Franson Stu Bickel 60 1 2 2
2 Theo Peckham Tyler Cuma 40 1 2 2
Penalty Kill 4 Players Forward
Center Wing Time % Phy DF OF
1 Devin Setoguchi Pierre-Luc Létourneau 60 1 2 2
2 Yan Stastny Cam Janssen 40 1 2 2
Penalty Kill 4 Players Defense
Defense Defense Time % Phy DF OF
1 Cody Franson Stu Bickel 60 1 2 2
2 Theo Peckham Tyler Cuma 40 1 2 2
Penalty Kill - 3 Players Forward
Forward Time % Phy DF OF
1 Devin Setoguchi 60 1 2 2
2 Pierre-Luc Létourneau 40 1 2 2
Penalty Kill - 3 Players Defense
Defense Defense Time % Phy DF OF
1 Cody Franson Stu Bickel 60 1 2 2
2 Theo Peckham Tyler Cuma 40 1 2 2
4 vs 4 Forward
Center Wing Time % Phy DF OF
1 Devin Setoguchi Pierre-Luc Létourneau 60 1 2 2
2 Yan Stastny Cam Janssen 40 1 2 2
4 vs 4 Defense
Defense Defense Time % Phy DF OF
1 Cody Franson Stu Bickel 60 1 2 2
2 Theo Peckham Tyler Cuma 40 1 2 2
Last Minutes Offensive
Center Left Wing Right Wing Defense Defense
Yan Stastny Pierre-Luc Létourneau Devin Setoguchi Cody Franson Stu Bickel
Last Minutes Defensive
Center Left Wing Right Wing Defense Defense
Yan Stastny Pierre-Luc Létourneau Devin Setoguchi Cody Franson Stu Bickel
Goaltenders
Starting : Tobias Stephan
Backup : Martin Houle
Extra Forwards
Normal : Jared Boll, J.T. Wyman, Nick Spaling - PP : Jared Boll, J.T. Wyman - PK : Nick Spaling
Extra Defensemen
Normal : David Kolomatis, Aaron Ness, Greg Pateryn - PP : David Kolomatis - PK : Aaron Ness, Greg Pateryn
Penalty Shots
Devin Setoguchi, Pierre-Luc Létourneau, Yan Stastny, Cam Janssen, Andrei Loktionov
% Time on Ice - Atomiques
Lines # - Real PCT - Wanted PCT - Time Play
Normal Forward
1 - 33% - 40% - 14:47
2 - 25% - 30% - 10:57
3 - 24% - 20% - 10:31
4 - 18% - 10% - 8:09
Normal Defense
1 - 39% - 40% - 17:31
2 - 31% - 30% - 13:59
3 - 26% - 20% - 11:44
4 - 3% - 10% - 1:10
PP Forward
1 - 54% - 60% - 3:11
2 - 46% - 40% - 2:46
PP Defense
1 - 51% - 60% - 3:01
2 - 49% - 40% - 2:56
PK Forward
1 - 77% - 60% - 7:07
2 - 23% - 40% - 2:06
PK Defense
1 - 63% - 60% - 5:51
2 - 37% - 40% - 3:22
PK3 Forward
1 - 0% - 60%
2 - 0% - 40%
PK3 Defense
1 - 0% - 60%
2 - 0% - 40%
44 Forward
1 - 0% - 60%
2 - 0% - 40%
44 Defense
1 - 0% - 60%
2 - 0% - 40%
Last Minute Offensive - 0:26
Last Minute Defensive - 0:00
Total
Forward - 60:00
Defense - 60:00
|
% Time on Ice - Staline
Lines # - Real PCT - Wanted PCT - Time Play
Normal Forward
1 - 33% - 40% - 14:50
2 - 27% - 30% - 12:19
3 - 24% - 20% - 10:50
4 - 15% - 10% - 6:51
Normal Defense
1 - 40% - 40% - 18:00
2 - 32% - 30% - 14:26
3 - 20% - 20% - 9:09
4 - 7% - 10% - 3:15
PP Forward
1 - 55% - 60% - 5:05
2 - 45% - 40% - 4:08
PP Defense
1 - 46% - 60% - 4:15
2 - 54% - 40% - 4:58
PK Forward
1 - 72% - 60% - 4:16
2 - 28% - 40% - 1:41
PK Defense
1 - 54% - 60% - 3:12
2 - 46% - 40% - 2:45
PK3 Forward
1 - 0% - 60%
2 - 0% - 40%
PK3 Defense
1 - 0% - 60%
2 - 0% - 40%
44 Forward
1 - 0% - 60%
2 - 0% - 40%
44 Defense
1 - 0% - 60%
2 - 0% - 40%
Last Minute Offensive - 0:00
Last Minute Defensive - 0:00
Total
Forward - 60:00
Defense - 60:00
|
Play by Play
1st period
0:01 of 1st period - Yan Stastny wins face-off versus Logan Couture in neutral zone.
0:09 of 1st period - Snap shot by Linus Omark.
0:09 of 1st period - Shot Blocked by Cody Franson.
0:11 of 1st period - Slapshot by Alexander Sulzer.
0:11 of 1st period - Shot Misses the Net.
0:48 of 1st period - Slapshot by Nick Johnson.
0:48 of 1st period - Shot Blocked by Stu Bickel.
0:50 of 1st period - Slapshot by Nick Johnson.
0:50 of 1st period - Shot Blocked by Stu Bickel.
0:52 of 1st period - Slapshot by Scott Jackson.
0:52 of 1st period - Shot Misses the Net.
0:54 of 1st period - Wrist shot by Drew Larman.
0:54 of 1st period - Shot Blocked by Stu Bickel.
0:56 of 1st period - Snap shot by John McCarthy.
0:56 of 1st period - Stopped by Tobias Stephan with a rebound.
1:26 of 1st period - Minor Penalty to Scott Jackson for Hooking.
1:27 of 1st period - Tyler Brenner wins face-off versus Devin Setoguchi in Atomiques zone.
1:35 of 1st period - Wrist shot by Linus Omark.
1:35 of 1st period - Stopped by Tobias Stephan without a rebound.
1:36 of 1st period - Yan Stastny wins face-off versus Tyler Brenner in Staline zone.
2:11 of 1st period - Wrist shot by Devin Setoguchi.
2:11 of 1st period - Shot Misses the Net.
2:43 of 1st period - Wrist shot by Andrei Loktionov.
2:43 of 1st period - Goal by Andrei Loktionov - Atomiques : 0 - Staline : 1.
2:44 of 1st period - Andrei Loktionov wins face-off versus Logan Couture in neutral zone.
2:57 of 1st period - Slapshot by Cam Janssen.
2:57 of 1st period - Shot Blocked by Davis Drewiske.
3:09 of 1st period - John Zeiler is hit by Mathieu Perreault and loses puck.
3:16 of 1st period - Slapshot by Tyler Brenner.
3:16 of 1st period - Deflect By Nick Spaling.
3:16 of 1st period - Shot Hit the Post.
3:16 of 1st period - Puck is out of play.
3:17 of 1st period - Logan Couture wins face-off versus Yan Stastny in Staline zone.
3:20 of 1st period - Snap shot by Linus Omark.
3:20 of 1st period - Stopped by Tobias Stephan without a rebound.
3:21 of 1st period - Alexandre Daigle wins face-off versus Yan Stastny in Staline zone.
4:14 of 1st period - Snap shot by Ryan Shannon.
4:14 of 1st period - Shot Hit the Post.
4:40 of 1st period - Wrist shot by Devin Setoguchi.
4:40 of 1st period - Stopped by Sergei Bobrovsky without a rebound.
4:41 of 1st period - Mathieu Perreault wins face-off versus Logan Couture in Atomiques zone.
4:48 of 1st period - Wrist shot by Jared Boll.
4:48 of 1st period - Deflect By Mathieu Perreault.
4:48 of 1st period - Stopped by Sergei Bobrovsky with a rebound.
4:50 of 1st period - Backhand shot by Cody Franson.
4:50 of 1st period - Shot Misses the Net.
4:52 of 1st period - Slapshot by Stu Bickel.
4:52 of 1st period - Shot Blocked by Linus Omark.
4:54 of 1st period - Wrist shot by Stu Bickel.
4:54 of 1st period - Deflect By Linus Omark.
4:54 of 1st period - Stopped by Sergei Bobrovsky with a rebound.
4:56 of 1st period - Wrist shot by Nick Spaling.
4:56 of 1st period - Shot Blocked by Logan Couture.
5:17 of 1st period - Snap shot by Alexandre Daigle.
5:17 of 1st period - Goal by Alexandre Daigle - Atomiques : 1 - Staline : 1.
5:18 of 1st period - Yan Stastny wins face-off versus Tyler Brenner in neutral zone.
6:29 of 1st period - Snap shot by Devin Setoguchi.
6:29 of 1st period - Shot Misses the Net.
6:31 of 1st period - Snap shot by Pierre-Luc Létourneau.
6:31 of 1st period - Stopped by Sergei Bobrovsky with a rebound.
6:43 of 1st period - Snap shot by John Zeiler.
6:43 of 1st period - Stopped by Tobias Stephan with a rebound.
6:45 of 1st period - Wrist shot by Brad Winchester.
6:45 of 1st period - Stopped by Tobias Stephan with a rebound.
6:47 of 1st period - Slapshot by Tyler Brenner.
6:47 of 1st period - Stopped by Tobias Stephan with a rebound.
7:09 of 1st period - Wrist shot by Cam Janssen.
7:09 of 1st period - Stopped by Sergei Bobrovsky with a rebound.
8:17 of 1st period - Wrist shot by Cam Janssen.
8:17 of 1st period - Stopped by Sergei Bobrovsky without a rebound.
8:18 of 1st period - Andrei Loktionov wins face-off versus Brett Sutter in Atomiques zone.
9:11 of 1st period - Snap shot by Devin Setoguchi.
9:11 of 1st period - Stopped by Sergei Bobrovsky with a rebound.
9:33 of 1st period - Backhand shot by Theo Peckham.
9:33 of 1st period - Deflect By James Sheppard.
9:33 of 1st period - Stopped by Sergei Bobrovsky with a rebound.
11:02 of 1st period - Snap shot by Tyler Brenner.
11:02 of 1st period - Shot Misses the Net.
11:13 of 1st period - Icing by James Sheppard.
11:14 of 1st period - Zac Rinaldo wins face-off versus Brett Sutter in Staline zone.
11:46 of 1st period - Wrist shot by Ryan Shannon.
11:46 of 1st period - Stopped by Tobias Stephan without a rebound.
11:47 of 1st period - Logan Couture wins face-off versus Yan Stastny in Staline zone.
11:50 of 1st period - Wrist shot by Alexandre Daigle.
11:50 of 1st period - Shot Misses the Net.
12:22 of 1st period - Slapshot by Mathieu Perreault.
12:22 of 1st period - Stopped by Sergei Bobrovsky with a rebound.
12:24 of 1st period - Slapshot by Mathieu Perreault.
12:24 of 1st period - Stopped by Sergei Bobrovsky with a rebound.
12:34 of 1st period - Slapshot by Cam Janssen.
12:34 of 1st period - Stopped by Sergei Bobrovsky with a rebound.
12:36 of 1st period - Slapshot by Mason Raymond.
12:36 of 1st period - Shot Blocked by Scott Jackson.
12:38 of 1st period - Wrist shot by Andrei Loktionov.
12:38 of 1st period - Stopped by Sergei Bobrovsky without a rebound.
12:39 of 1st period - Drew Larman wins face-off versus Yan Stastny in Atomiques zone.
12:39 of 1st period - Drew Larman is hit by Pierre-Luc Létourneau.
12:45 of 1st period - Wrist shot by Nick Johnson.
12:45 of 1st period - Deflect By John McCarthy.
12:45 of 1st period - Stopped by Tobias Stephan with a rebound.
13:14 of 1st period - Slapshot by Linus Omark.
13:14 of 1st period - Stopped by Tobias Stephan with a rebound.
13:19 of 1st period - Icing by Andrei Loktionov.
13:20 of 1st period - Tyler Brenner wins face-off versus Andrei Loktionov in Staline zone.
13:31 of 1st period - Snap shot by John Zeiler.
13:31 of 1st period - Stopped by Tobias Stephan with a rebound.
13:33 of 1st period - Slapshot by John Zeiler.
13:33 of 1st period - Shot Blocked by David Kolomatis.
13:35 of 1st period - Slapshot by Tyler Brenner.
13:35 of 1st period - Stopped by Tobias Stephan without a rebound.
13:36 of 1st period - Logan Couture wins face-off versus Yan Stastny in Staline zone.
14:03 of 1st period - Davis Drewiske is hit by Nick Spaling and loses puck.
15:04 of 1st period - Tyler Cuma is hit by Linus Omark and loses puck.
15:11 of 1st period - Linus Omark is hit by J.T. Wyman.
15:27 of 1st period - Snap shot by Devin Setoguchi.
15:27 of 1st period - Shot Misses the Net.
15:29 of 1st period - Snap shot by Yan Stastny.
15:29 of 1st period - Shot Blocked by Brad Winchester.
15:31 of 1st period - Snap shot by Pierre-Luc Létourneau.
15:31 of 1st period - Deflect By Devin Setoguchi.
15:31 of 1st period - Stopped by Sergei Bobrovsky with a rebound.
15:33 of 1st period - Snap shot by Devin Setoguchi.
15:33 of 1st period - Stopped by Sergei Bobrovsky without a rebound.
15:34 of 1st period - Andrei Loktionov wins face-off versus Logan Couture in Atomiques zone.
16:02 of 1st period - Off-side.
16:03 of 1st period - Nick Spaling wins face-off versus John Zeiler in neutral zone.
16:06 of 1st period - John Zeiler is hit by Mathieu Perreault and loses puck.
16:10 of 1st period - Icing by Davis Drewiske.
16:11 of 1st period - Brad Winchester wins face-off versus Yan Stastny in Atomiques zone.
16:11 of 1st period - Brad Winchester is hit by Pierre-Luc Létourneau.
16:21 of 1st period - Wrist shot by John Zeiler.
16:21 of 1st period - Shot Blocked by Stu Bickel.
16:23 of 1st period - Wrist shot by John Zeiler.
16:23 of 1st period - Shot Blocked by Cody Franson.
16:25 of 1st period - Wrist shot by Brad Winchester.
16:25 of 1st period - Deflect By Tyler Brenner.
16:25 of 1st period - Stopped by Tobias Stephan with a rebound.
16:45 of 1st period - Minor Penalty to Mason Raymond for Hooking.
16:46 of 1st period - Logan Couture wins face-off versus Devin Setoguchi in Staline zone.
17:13 of 1st period - Theo Peckham is hit by Tyler Brenner and loses puck.
17:20 of 1st period - Wrist shot by Tyler Brenner.
17:20 of 1st period - Shot Blocked by Devin Setoguchi.
18:44 of 1st period - John Zeiler is hit by Stu Bickel and loses puck.
18:45 of 1st period - Penalty to Mason Raymond is over, Mason Raymond is back on ice.
18:51 of 1st period - Stu Bickel is hit by John Zeiler and loses puck.
19:30 of 1st period - Snap shot by Nick Johnson.
19:30 of 1st period - Shot Misses the Net.
19:32 of 1st period - Wrist shot by John McCarthy.
19:32 of 1st period - Stopped by Tobias Stephan without a rebound.
19:33 of 1st period - Andrei Loktionov wins face-off versus Andrew Kozek in Staline zone.
19:33 of 1st period - Andrei Loktionov is hit by Ryan Shannon.
19:43 of 1st period - Slapshot by Mason Raymond.
19:43 of 1st period - Goal by Mason Raymond - Atomiques : 1 - Staline : 2.
19:44 of 1st period - Alexandre Daigle wins face-off versus Yan Stastny in neutral zone.
19:47 of 1st period - Backhand shot by Linus Omark.
19:47 of 1st period - Deflect By Logan Couture.
19:47 of 1st period - Shot Misses the Net.
19:47 of 1st period - Puck is out of play.
19:48 of 1st period - Alexandre Daigle wins face-off versus Yan Stastny in Staline zone.
19:57 of 1st period - Wrist shot by Linus Omark.
19:57 of 1st period - Stopped by Tobias Stephan without a rebound.
19:58 of 1st period - Logan Couture wins face-off versus Yan Stastny in Staline zone.
Goals for this period are 1 for Atomiques vs 2 for Staline.
Shots for this period are 15 for Atomiques vs 16 for Staline.
2nd period
0:01 of 2nd period - Yan Stastny wins face-off versus Logan Couture in neutral zone.
0:06 of 2nd period - Davis Drewiske is hit by Yan Stastny and loses puck.
0:25 of 2nd period - Devin Setoguchi is hit by Davis Drewiske and loses puck.
0:30 of 2nd period - Wrist shot by Ryan Shannon.
0:30 of 2nd period - Stopped by Tobias Stephan with a rebound.
1:23 of 2nd period - Snap shot by Yan Stastny.
1:23 of 2nd period - Deflect By Pierre-Luc Létourneau.
1:23 of 2nd period - Stopped by Sergei Bobrovsky with a rebound.
1:25 of 2nd period - Snap shot by Devin Setoguchi.
1:25 of 2nd period - Shot Misses the Net.
1:27 of 2nd period - Slapshot by Aaron Ness.
1:27 of 2nd period - Stopped by Sergei Bobrovsky with a rebound.
1:53 of 2nd period - Kyle Wharton is hit by Theo Peckham and loses puck.
2:14 of 2nd period - Andrew Kozek is hit by Devin Setoguchi.
2:52 of 2nd period - Wrist shot by Ryan Shannon.
2:52 of 2nd period - Goal by Ryan Shannon - Atomiques : 2 - Staline : 2.
2:53 of 2nd period - Andrei Loktionov wins face-off versus Logan Couture in neutral zone.
3:02 of 2nd period - Wrist shot by Andrei Loktionov.
3:02 of 2nd period - Shot Misses the Net.
3:18 of 2nd period - Stu Bickel is hit by Nick Johnson and loses puck.
3:48 of 2nd period - Wrist shot by John Zeiler.
3:48 of 2nd period - Shot Misses the Net.
3:50 of 2nd period - Snap shot by John Zeiler.
3:50 of 2nd period - Stopped by Tobias Stephan without a rebound.
3:51 of 2nd period - Logan Couture wins face-off versus Mathieu Perreault in Staline zone.
4:16 of 2nd period - Brad Winchester is hit by Zac Rinaldo and loses puck.
4:25 of 2nd period - Slapshot by Brad Winchester.
4:25 of 2nd period - Shot Misses the Net.
4:27 of 2nd period - Wrist shot by John Zeiler.
4:27 of 2nd period - Stopped by Tobias Stephan without a rebound.
4:28 of 2nd period - Logan Couture wins face-off versus Andrei Loktionov in Staline zone.
4:29 of 2nd period - Snap shot by Linus Omark.
4:29 of 2nd period - Stopped by Tobias Stephan with a rebound.
4:39 of 2nd period - Scott Jackson is hit by Andrei Loktionov and loses puck.
4:54 of 2nd period - Nick Spaling is hit by John Zeiler and loses puck.
5:21 of 2nd period - John McCarthy is hit by Zac Rinaldo and loses puck.
5:44 of 2nd period - Snap shot by Andrei Loktionov.
5:44 of 2nd period - Shot Blocked by Linus Omark.
5:46 of 2nd period - Slapshot by Cody Franson.
5:46 of 2nd period - Stopped by Sergei Bobrovsky with a rebound.
6:18 of 2nd period - Alexander Sulzer is hit by Andrei Loktionov and loses puck.
6:52 of 2nd period - Off-side.
6:53 of 2nd period - Logan Couture wins face-off versus Andrei Loktionov in neutral zone.
7:12 of 2nd period - John Zeiler is hit by Tyler Cuma and loses puck.
7:17 of 2nd period - Snap shot by J.T. Wyman.
7:17 of 2nd period - Shot Blocked by John Zeiler.
7:19 of 2nd period - Wrist shot by James Sheppard.
7:19 of 2nd period - Stopped by Sergei Bobrovsky without a rebound.
7:20 of 2nd period - Logan Couture wins face-off versus Yan Stastny in Atomiques zone.
7:36 of 2nd period - Wrist shot by Yan Stastny.
7:36 of 2nd period - Stopped by Sergei Bobrovsky without a rebound.
7:37 of 2nd period - Andrei Loktionov wins face-off versus Tyler Brenner in Atomiques zone.
8:07 of 2nd period - Devin Setoguchi is hit by Alexandre Daigle.
8:21 of 2nd period - Wrist shot by Ryan Shannon.
8:21 of 2nd period - Stopped by Tobias Stephan with a rebound.
8:49 of 2nd period - Slapshot by Mason Raymond.
8:49 of 2nd period - Stopped by Sergei Bobrovsky without a rebound.
8:50 of 2nd period - Andrei Loktionov wins face-off versus Logan Couture in Atomiques zone.
9:01 of 2nd period - Snap shot by Mason Raymond.
9:01 of 2nd period - Shot Misses the Net.
9:03 of 2nd period - Snap shot by Mason Raymond.
9:03 of 2nd period - Deflect By Davis Drewiske.
9:03 of 2nd period - Shot Blocked by Davis Drewiske.
9:03 of 2nd period - Puck is out of play.
9:04 of 2nd period - Logan Couture wins face-off versus Yan Stastny in Atomiques zone.
9:36 of 2nd period - Wrist shot by Andrei Loktionov.
9:36 of 2nd period - Shot Misses the Net.
10:12 of 2nd period - Wrist shot by J.T. Wyman.
10:12 of 2nd period - Stopped by Sergei Bobrovsky with a rebound.
10:14 of 2nd period - Slapshot by J.T. Wyman.
10:14 of 2nd period - Shot Misses the Net.
10:50 of 2nd period - John Zeiler is hit by Mason Raymond and loses puck.
10:59 of 2nd period - Snap shot by Tyler Brenner.
10:59 of 2nd period - Stopped by Tobias Stephan without a rebound.
11:00 of 2nd period - Logan Couture wins face-off versus Andrei Loktionov in Staline zone.
11:46 of 2nd period - Snap shot by Alexander Sulzer.
11:46 of 2nd period - Deflect By Cody Franson.
11:46 of 2nd period - Stopped by Tobias Stephan with a rebound.
12:06 of 2nd period - Minor Penalty to Andrew Kozek for Hooking.
12:07 of 2nd period - Tyler Brenner wins face-off versus Yan Stastny in Atomiques zone.
13:14 of 2nd period - Brett Sutter is hit by Devin Setoguchi and loses puck.
13:52 of 2nd period - Icing by Mason Raymond.
13:53 of 2nd period - Andrei Loktionov wins face-off versus Tyler Brenner in Staline zone.
14:06 of 2nd period - Penalty to Andrew Kozek is over, Andrew Kozek is back on ice.
14:17 of 2nd period - Off-side.
14:18 of 2nd period - Mathieu Perreault wins face-off versus Brett Sutter in neutral zone.
14:29 of 2nd period - Slapshot by Mathieu Perreault.
14:29 of 2nd period - Stopped by Sergei Bobrovsky without a rebound.
14:30 of 2nd period - Logan Couture wins face-off versus Yan Stastny in Atomiques zone.
14:51 of 2nd period - Minor Penalty to Logan Couture for Roughing.
14:52 of 2nd period - Yan Stastny wins face-off versus Tyler Brenner in Atomiques zone.
15:17 of 2nd period - Davis Drewiske is hit by Andrei Loktionov and loses puck.
15:22 of 2nd period - Slapshot by Tyler Cuma.
15:22 of 2nd period - Stopped by Sergei Bobrovsky without a rebound.
15:23 of 2nd period - Andrei Loktionov wins face-off versus Tyler Brenner in Atomiques zone.
15:30 of 2nd period - Snap shot by Andrei Loktionov.
15:30 of 2nd period - Stopped by Sergei Bobrovsky without a rebound.
15:31 of 2nd period - Yan Stastny wins face-off versus Tyler Brenner in Atomiques zone.
15:40 of 2nd period - Wrist shot by Devin Setoguchi.
15:40 of 2nd period - Stopped by Sergei Bobrovsky with a rebound.
16:51 of 2nd period - Penalty to Logan Couture is over, Logan Couture is back on ice.
16:55 of 2nd period - Clayton Stoner is hit by Stu Bickel and loses puck.
17:00 of 2nd period - Wrist shot by Mathieu Perreault.
17:00 of 2nd period - Shot Misses the Net.
17:24 of 2nd period - Snap shot by Brad Winchester.
17:24 of 2nd period - Stopped by Tobias Stephan with a rebound.
17:26 of 2nd period - Snap shot by Andrew Kozek.
17:26 of 2nd period - Shot Blocked by Jared Boll.
17:28 of 2nd period - Slapshot by Clayton Stoner.
17:28 of 2nd period - Deflect By Brad Winchester.
17:28 of 2nd period - Shot Misses the Net.
17:28 of 2nd period - Puck is out of play.
17:29 of 2nd period - Yan Stastny wins face-off versus Drew Larman in Staline zone.
17:36 of 2nd period - Alexander Sulzer is hit by Yan Stastny and loses puck.
18:19 of 2nd period - Snap shot by Ryan Shannon.
18:19 of 2nd period - Shot Blocked by J.T. Wyman.
18:21 of 2nd period - Snap shot by Brad Winchester.
18:21 of 2nd period - Shot Misses the Net.
19:40 of 2nd period - Slapshot by Tyler Cuma.
19:40 of 2nd period - Stopped by Sergei Bobrovsky without a rebound.
19:41 of 2nd period - Drew Larman wins face-off versus Yan Stastny in Atomiques zone.
Goals for this period are 1 for Atomiques vs 0 for Staline.
Shots for this period are 9 for Atomiques vs 12 for Staline.
3rd period
0:01 of 3rd period - Devin Setoguchi wins face-off versus Logan Couture in neutral zone.
0:26 of 3rd period - Stu Bickel is hit by Brad Winchester and loses puck.
0:35 of 3rd period - Snap shot by Brad Winchester.
0:35 of 3rd period - Shot Misses the Net.
1:13 of 3rd period - Slapshot by Cody Franson.
1:13 of 3rd period - Deflect By J.T. Wyman.
1:13 of 3rd period - Stopped by Sergei Bobrovsky with a rebound.
1:17 of 3rd period - Wrist shot by J.T. Wyman.
1:17 of 3rd period - Shot Blocked by Nick Johnson.
1:19 of 3rd period - Snap shot by Stu Bickel.
1:19 of 3rd period - Stopped by Sergei Bobrovsky without a rebound.
1:20 of 3rd period - Devin Setoguchi wins face-off versus Logan Couture in Atomiques zone.
1:26 of 3rd period - Minor Penalty to Davis Drewiske for Roughing.
1:27 of 3rd period - Tyler Brenner wins face-off versus Yan Stastny in Atomiques zone.
2:54 of 3rd period - Yan Stastny is hit by Brad Winchester and loses puck.
3:26 of 3rd period - Penalty to Davis Drewiske is over, Davis Drewiske is back on ice.
3:46 of 3rd period - Snap shot by Nick Spaling.
3:46 of 3rd period - Stopped by Sergei Bobrovsky with a rebound.
3:57 of 3rd period - Snap shot by Linus Omark.
3:57 of 3rd period - Shot Misses the Net.
4:21 of 3rd period - Icing by J.T. Wyman.
4:22 of 3rd period - Logan Couture wins face-off versus Zac Rinaldo in Staline zone.
4:40 of 3rd period - Slapshot by Stu Bickel.
4:40 of 3rd period - Shot Blocked by Scott Jackson.
5:21 of 3rd period - Snap shot by Ryan Shannon.
5:21 of 3rd period - Shot Blocked by Cody Franson.
5:41 of 3rd period - Snap shot by Mathieu Perreault.
5:41 of 3rd period - Shot Misses the Net.
5:43 of 3rd period - Wrist shot by Nick Spaling.
5:43 of 3rd period - Shot Misses the Net.
5:55 of 3rd period - Backhand shot by J.T. Wyman.
5:55 of 3rd period - Goal by J.T. Wyman - Atomiques : 2 - Staline : 3.
5:56 of 3rd period - Andrei Loktionov wins face-off versus Logan Couture in neutral zone.
6:05 of 3rd period - Logan Couture is hit by Mason Raymond and loses puck.
6:28 of 3rd period - Wrist shot by Pierre-Luc Létourneau.
6:28 of 3rd period - Shot Misses the Net.
6:30 of 3rd period - Slapshot by Theo Peckham.
6:30 of 3rd period - Stopped by Sergei Bobrovsky with a rebound.
6:32 of 3rd period - Snap shot by Yan Stastny.
6:32 of 3rd period - Stopped by Sergei Bobrovsky with a rebound.
6:34 of 3rd period - Slapshot by Tyler Cuma.
6:34 of 3rd period - Shot Blocked by John Zeiler.
6:50 of 3rd period - Wrist shot by Ryan Shannon.
6:50 of 3rd period - Stopped by Tobias Stephan without a rebound.
6:51 of 3rd period - Logan Couture wins face-off versus Yan Stastny in Staline zone.
7:07 of 3rd period - Minor Penalty to Cody Franson for Holding.
7:08 of 3rd period - Logan Couture wins face-off versus Devin Setoguchi in Staline zone.
7:09 of 3rd period - Wrist shot by Alexandre Daigle.
7:09 of 3rd period - Stopped by Tobias Stephan without a rebound.
7:10 of 3rd period - Logan Couture wins face-off versus Devin Setoguchi in Staline zone.
9:06 of 3rd period - Yan Stastny is hit by Tyler Brenner and loses puck.
9:07 of 3rd period - Penalty to Cody Franson is over, Cody Franson is back on ice.
9:50 of 3rd period - Snap shot by John McCarthy.
9:50 of 3rd period - Stopped by Tobias Stephan without a rebound.
9:51 of 3rd period - Andrei Loktionov wins face-off versus Drew Larman in Staline zone.
10:35 of 3rd period - Mathieu Perreault is hit by Tyler Brenner and loses puck.
10:39 of 3rd period - Icing by Cody Franson.
10:40 of 3rd period - Mathieu Perreault wins face-off versus Tyler Brenner in Staline zone.
10:40 of 3rd period - Mathieu Perreault is hit by Tyler Brenner.
10:54 of 3rd period - Snap shot by Brad Winchester.
10:54 of 3rd period - Stopped by Tobias Stephan without a rebound.
10:55 of 3rd period - Logan Couture wins face-off versus Yan Stastny in Staline zone.
11:29 of 3rd period - Slapshot by Davis Drewiske.
11:29 of 3rd period - Stopped by Tobias Stephan with a rebound.
11:51 of 3rd period - Wrist shot by Brett Sutter.
11:51 of 3rd period - Stopped by Tobias Stephan without a rebound.
11:52 of 3rd period - Yan Stastny wins face-off versus Logan Couture in Staline zone.
12:17 of 3rd period - Cam Janssen is hit by Brad Winchester.
12:29 of 3rd period - Brad Winchester is hit by Cam Janssen and loses puck.
13:14 of 3rd period - Snap shot by John McCarthy.
13:14 of 3rd period - Shot Blocked by Cody Franson.
13:26 of 3rd period - Slapshot by Scott Jackson.
13:26 of 3rd period - Deflect By Linus Omark.
13:26 of 3rd period - Shot Blocked by Zac Rinaldo.
13:26 of 3rd period - Puck is out of play.
13:27 of 3rd period - Logan Couture wins face-off versus Zac Rinaldo in Staline zone.
14:13 of 3rd period - Slapshot by Alexander Sulzer.
14:13 of 3rd period - Shot Blocked by Cody Franson.
14:44 of 3rd period - Slapshot by Andrew Kozek.
14:44 of 3rd period - Stopped by Tobias Stephan with a rebound.
15:10 of 3rd period - Minor Penalty to Alexandre Daigle for Holding.
15:11 of 3rd period - Tyler Brenner wins face-off versus Yan Stastny in Atomiques zone.
15:37 of 3rd period - Tyler Brenner is hit by Mason Raymond and loses puck.
16:06 of 3rd period - Snap shot by John Zeiler.
16:06 of 3rd period - Shot Blocked by Theo Peckham.
16:22 of 3rd period - Andrew Kozek is hit by Cam Janssen and loses puck.
16:51 of 3rd period - Andrei Loktionov is hit by Alexander Sulzer and loses puck.
17:10 of 3rd period - Penalty to Alexandre Daigle is over, Alexandre Daigle is back on ice.
17:34 of 3rd period - Minor Penalty to Jared Boll for Hooking.
17:35 of 3rd period - Logan Couture wins face-off versus Devin Setoguchi in Staline zone.
17:50 of 3rd period - Clayton Stoner is hit by Pierre-Luc Létourneau and loses puck.
18:38 of 3rd period - Slapshot by John Zeiler.
18:38 of 3rd period - Stopped by Tobias Stephan without a rebound.
18:39 of 3rd period - Devin Setoguchi wins face-off versus Logan Couture in Staline zone.
19:04 of 3rd period - Logan Couture is hit by Stu Bickel.
19:34 of 3rd period - Penalty to Jared Boll is over, Jared Boll is back on ice.
19:42 of 3rd period - Snap shot by Yan Stastny.
19:42 of 3rd period - Stopped by Sergei Bobrovsky with a rebound.
19:48 of 3rd period - Yan Stastny is hit by Logan Couture.
Goals for this period are 0 for Atomiques vs 1 for Staline.
Shots for this period are 8 for Atomiques vs 7 for Staline.
Output by the SimonT Hockey Simulator (STHS) for François Prévost -- Original Page W3C XHTML 1.0 Valid